Description

2-1-1 with medivac drop followed by a tank push

VOD

https://www.youtube.com/watch?v=XFglc9f632w

Replay - 2020-07-05 - (T)YTYT VS (Z)IIIIIIIIIIII

Build Order

Get SALT Encoding   

  12  0:01  SCV  
  13  0:13  SCV  
  14  0:17  Supply Depot  
  14  0:25  SCV  
  15  0:39  Barracks, SCV  
  16  0:43  Refinery  
  16  0:51  SCV  
  17  1:03  SCV  
  18  1:15  SCV  
  19  1:27  Reaper  
  19  1:28  Orbital Command  
  20  1:39  Command Center  
  20  1:50  Barracks  
  20  1:54  SCV  
  21  1:59  Barracks Reactor  
  21  2:06  SCV  
  22  2:09  Supply Depot  
  22  2:18  SCV  
  22  2:19  Refinery  
  23  2:31  Factory  
  23  2:36  Marine x2  
  26  2:37  Barracks Tech Lab  
  27  2:52  Orbital Command  
  27  2:54  Marine x3  
  30  3:03  Stimpack  
  31  3:12  Marine x3  
  37  3:26  Starport  
  37  3:30  Marine x2  
  41  3:39  Supply Depot  
  41  3:40  Factory Reactor  
  46  3:56  Supply Depot  
  53  4:21  Supply Depot  
  53  4:22  Factory Tech Lab, Medivac x2  
  61  4:31  Refinery  
  61  4:36  Engineering Bay  
  62  4:44  Siege Tank  
  69  4:58  Barracks  
  69  4:59  Combat Shield  
  70  5:05  Terran Infantry Weapons Level 1  
  75  5:21  Siege Tank  
  81  5:32  Medivac  
  91  5:53  Siege Tank  
  94  6:03  Starport Reactor  
  95  6:08  Command Center  
  101  6:25  Siege Tank  
  110  6:51  Medivac x2  
  110  6:53  Barracks x2  
  116  6:57  Siege Tank  
  118  7:20  Refinery  
Spawning Tool Build Advisor. Get it on Overwolf

Go to:

Details

  • Created by: EighthTime
  • Published on: Jul 20, 2020
  • Modified on: Jul 20, 2020
  • Patch: 4.11.0
  • Difficulty: Medium
Show
View Real Time Build Order
Export as new Build Order

Comments (0)

There are no comments. Be the first!

Create an account to comment!